 Dungeon Crawl Stone Soup version 0.18-a0-1534-g642cb5c (webtiles) character file.

16 Rukheim the Grave Robber (level 2, 0/19 HPs)
             Began as a Demonspawn Necromancer on Mar 8, 2016.
             Slain by a gnoll
             ... wielding a +0 spear
              (7 damage)
             ... on level 1 of the Dungeon.
             The game lasted 00:03:22 (839 turns).

Rukheim the Grave Robber (Demonspawn Necromancer)    Turns: 839, Time: 00:03:22

Health: 0/19       AC:  3    Str:  8    XL:     2   Next: 41%
Magic:  2/5        EV: 14    Int: 16    God:
Gold:   36         SH:  0    Dex: 13    Spells: 2 memorised, 3 levels left

rFire  . . .     SeeInvis .     f - +0 dagger
rCold  . . .     Gourm    .     a - +1 robe
rNeg   . . .     Faith    .     (no shield)
rPois  .         Spirit   .     (no helmet)
rElec  .         Dismiss  .     (no cloak)
rCorr  .         Reflect  .     (no gloves)
SustAt .         Harm     .     (no boots)
MR     .....                    (no amulet)
Stlth  ++........               (no ring)
                                (no ring)

@: not resistant to hostile enchantments, unstealthy
A: repulsion field 1
a: no special abilities


You were on level 1 of the Dungeon.
You were not hungry.

You visited 1 branch of the dungeon, and saw 1 of its levels.

You collected 36 gold pieces.

Inventory:

Hand Weapons
 e - a +0 short sword
 f - a +0 dagger (weapon)
Armour
 a - a +1 robe (worn)
Jewellery
 d - an uncursed ring of see invisible {unknown}
Scrolls
 h - a scroll of recharging {unknown}
Books
 b - a book of Necromancy

   Spells                             Type                      Level
   a - Pain                           Necromancy                   1
   b - Animate Skeleton               Necromancy                   1
   c - Vampiric Draining              Necromancy                   3
   d - Regeneration                   Charms/Necromancy            3
   e - Animate Dead                   Necromancy                   4
   f - Control Undead                 Necromancy                   4
Comestibles
 c - a bread ration
 g - 2 chunks of flesh


   Skills:
 + Level 1.8 Dodging
 + Level 1.9 Stealth
 + Level 0.1 Unarmed Combat
 + Level 2.3 Spellcasting
 + Level 4.7 Necromancy


You had 3 spell levels left.
You knew the following spells:

 Your Spells              Type           Power        Failure   Level  Hunger
a - Pain                  Necr           ###.         3%          1    #......
b - Animate Skeleton      Necr           N/A          3%          1    #......


Dungeon Overview and Level Annotations

Branches:
Dungeon (1/15)

Altars:


Innate Abilities, Weirdness & Mutations

You are surrounded by a mild repulsion field (EV +2).


Message History

Press: ? - help, Shift-Dir - straight line, f - gnoll
Aim: a gnoll, wielding a spear and wearing a ring mail (chance to defeat MR: 81%)
The gnoll convulses in agony!
Casting: Pain
Confirm with . or Enter, or press ? or * to list all spells.
Aiming: Pain
Press: ? - help, Shift-Dir - straight line, f/p - gnoll
Aim: a gnoll, wielding a spear and wearing a ring mail (moderately wounded, chance to defeat MR: 81%)
The gnoll convulses in agony!
The gnoll hits you from afar with a spear!
Ouch! That really hurt!
Casting: Pain
Confirm with . or Enter, or press ? or * to list all spells.
Aiming: Pain
Press: ? - help, Shift-Dir - straight line, f/p - gnoll
Aim: a gnoll, wielding a spear and wearing a ring mail (severely wounded, chance to defeat MR: 81%)
The gnoll convulses in agony!
Your goblin skeleton crumbles into dust!
The gnoll hits you from afar with a spear!
You die...

*,*** **,,,,,** *### *,*,**
**,,,,,,,** ##.#
*****,,,,****,,,,,,,,,####...
*,,,,,,,,,,,+,,,,,,,,,+......
*,***,,,,,***,,,,,,,,,####...
*,**,,*,*,* **,,,,,,,** #....
*,**,***#,* **,,,,,** #....
*,**.####.######...** #....
**,,,......g.@..##'#* ##...
*,,,,.....#####.##.# ##.#
*,***.#.*,* #.##.# #.# *,*
*,*,*,*** #.##.#########.. *,*
*,,,,...###.#.....Z...##.. *,*
***,.............####.##.. *,*
**#.#.#####...## #.##..
*,*******,*,* #..######.##<.
*,,,,,,,,,#.#####..##.........


You could see a gnoll.

Vanquished Creatures
  A giant gecko (D:1)
  2 bats (D:1)
  A jackal (D:1)
  7 goblins (D:1)
  2 kobolds (D:1)
  2 rats (D:1)
15 creatures vanquished.

Vanquished Creatures (others)
  An octopode (D:1)
  2 gargoyles (D:1)
  A troll (D:1)
  A formicid (D:1)
  2 vampires (D:1)
  2 ogres (D:1)
  A centaur (D:1)
  A mummy (D:1)
  A kobold (D:1)
  4 tentacles (D:1)
  19 tentacle segments (D:1)
35 creatures vanquished.

Grand Total: 50 creatures vanquished

Notes
Turn   | Place    | Note
--------------------------------------------------------------
     0 | D:1      | Rukheim the Demonspawn Necromancer began the quest for the Orb.
     0 | D:1      | Reached XP level 1. HP: 13/13 MP: 3/3
     0 | D:1      | Noticed an octopode
     0 | D:1      | Noticed a vampire
     0 | D:1      | Noticed a vampire
     0 | D:1      | Noticed a gargoyle
     0 | D:1      | Noticed an ogre
     0 | D:1      | Noticed a centaur
     0 | D:1      | Noticed a kraken
     0 | D:1      | Noticed a troll
     0 | D:1      | Noticed a formicid
     0 | D:1      | Noticed an ogre
     0 | D:1      | Noticed a gargoyle
     4 | D:1      | Killed a vampire
     5 | D:1      | Killed an octopode
     6 | D:1      | Killed a centaur
     6 | D:1      | Killed a gargoyle
     6 | D:1      | Killed a gargoyle
     7 | D:1      | Killed a vampire
     8 | D:1      | Killed an ogre
     9 | D:1      | Killed a troll
    10 | D:1      | Killed a formicid
    11 | D:1      | Killed an ogre
   151 | D:1      | Learned a level 1 spell: Animate Skeleton
   362 | D:1      | Gained mutation: You are surrounded by a mild repulsion field (EV +2). [demonic ancestry]
   362 | D:1      | Reached XP level 2. HP: 11/19 MP: 1/5
   839 | D:1      | Slain by a gnoll

Vault maps used:
D:1:      nicolae_arrival_kraken_aquarium_a, minmay_box_of_dots

Action                   || total
-------------------------++-------
Melee: Short sword       ||     5
       Unarmed           ||     3
 Cast: Pain              ||    21
       Animate Skeleton  ||     7
  Use: Scroll            ||     2
       Potion            ||     1
